 Dungeon Crawl Stone Soup version 0.28.0-53-g5a82cb258f (webtiles) character file.

Game seed: 16129951717121965104

82 pkoi the Gusty (level 4, -7/33 HPs)
             Began as a Demigod Air Elementalist on May 26, 2022.
             Mangled by a kobold brigand
             ... wielding a +0 dagger
              (8 damage)
             ... in a sewer.
             The game lasted 00:02:48 (3856 turns).

pkoi the Gusty (Demigod Air Elementalist)           Turns: 3856, Time: 00:02:49

Health: -7/33      AC:  2    Str:  9    XL:     4   Next: 1%
Magic:  0/9        EV: 12    Int: 21    God:
Gold:   101        SH:  0    Dex: 14    Spells: 3/6 levels left

rFire   . . .      SeeInvis .   f - +0 dagger (venom)
rCold   . . .      Faith    .   (no shield)
rNeg    . . .      Spirit   .   a - +0 robe
rPois   .          Reflect  .   (no helmet)
rElec   .          Harm     .   (no cloak)
rCorr   .          Rampage  .   (no gloves)
Will    .....                   (no boots)
Stlth   +.........              (no amulet)
HPRegen 0.11/turn               (no ring)
MPRegen 0.11/turn               (no ring)

@: very slow
A: high MP 1, forlorn, divine attributes
a: no special abilities


You were in a sewer.
You visited 1 branch of the dungeon, and saw 4 of its levels.
You also visited: Sewer.

You collected 101 gold pieces.

Inventory:

Hand Weapons
 b - a +0 short sword
 e - a +0 whip
 f - a +0 dagger of venom (weapon)
 l - a +1 short sword of freezing
 n - a +3 hand axe
Missiles
 h - 16 poisoned darts
Armour
 a - a +0 robe (worn)
Jewellery
 c - a ring of fire
Wands
 k - a wand of charming (9)
Scrolls
 m - a scroll of magic mapping {unknown}
 o - a scroll of identify
 p - a scroll of enchant weapon {unknown}
Potions
 d - a potion of might
 g - 2 potions of attraction {unknown}
 i - 3 potions of flight {unknown}
 j - 2 potions of heal wounds {unknown}


   Skills:
 - Level 1.7 Dodging
 - Level 1.7 Stealth
 - Level 1.7 Spellcasting
 + Level 1.4 Conjurations
 + Level 4.4 Air Magic


You had 3 spell levels left.
You knew the following spells:

 Your Spells              Type           Power      Damage    Failure   Level
a - Shock                 Conj/Air       56%        1d6       4%          1
b - Static Discharge      Conj/Air       14%        N/A       7%          2

Your spell library contained the following spells:

 Spells                   Type           Power      Damage    Failure   Level
 Swiftness                Air            20%        N/A       8%          3
 Summon Guardian Golem    Hex/Summ       1%         N/A       41%         3
 Airstrike                Air            10%        N/A       24%         4
 Orb of Destruction       Conj           3%         9d5       100%        7
 Spellforged Servitor     Conj/Summ      2%         N/A       100%        7


Dungeon Overview and Level Annotations

Branches:
Dungeon (3/15)              Sewer (1/1)


Innate Abilities, Weirdness & Mutations

You have an increased reservoir of magic. (+10% MP)
You shall have no god before yourself.
Your divine heritage dramatically boosts your attributes as you level up.


Message History

The kobold brigand is heavily wounded.
You feel sick.
Aiming: Shock (safe; 4% risk of failure)
Press: ? - help, Q - select action, (/) - cycle Shift-Dir - straight line, f/p - kobold brigand
Aim: a kobold brigand, wielding a +0 dagger and quivering poisoned darts (heavily wounded, 64% to hit)
The zap hits the kobold brigand.
The kobold brigand is heavily wounded.
You feel sick.
Aiming: Shock (safe; 4% risk of failure)
Press: ? - help, Q - select action, (/) - cycle Shift-Dir - straight line, f/p - kobold brigand
Aim: a kobold brigand, wielding a +0 dagger and quivering poisoned darts (heavily wounded, 64% to hit)
The zap hits the kobold brigand but does no damage.
The kobold brigand is heavily wounded.
The zap misses the kobold brigand.
You feel sick.
The kobold throws a stone.
The stone hits you but does no damage.
Aiming: Shock (safe; 4% risk of failure)
Press: ? - help, Q - select action, (/) - cycle Shift-Dir - straight line, f/p - kobold brigand
Aim: a kobold brigand, wielding a +0 dagger and quivering poisoned darts (heavily wounded, 64% to hit)
The zap hits the kobold brigand.
The kobold brigand is severely wounded.
The zap hits the kobold brigand.
The kobold brigand is severely wounded.
You feel sick.
Your unstable footing causes you to fumble your attack.
You feel sick.
Your unstable footing causes you to fumble your attack.
You feel sick. The kobold brigand misses you.
Your unstable footing causes you to fumble your attack.
You feel sick.
You are no longer poisoned.
The kobold brigand hits you with a +0 dagger!
* * * LOW HITPOINT WARNING * * *
You hit the kobold brigand but do no damage.
The kobold brigand is heavily wounded.
The kobold brigand hits you with a +0 dagger!
* * * LOW HITPOINT WARNING * * *
Your unstable footing causes you to fumble your attack.
The kobold brigand hits you with a +0 dagger!
You die...

##### ####### #.
.#.#.# #.#.#)# #≈
≈#≈#≈# #≈#≈#≈# #≈
≈#≈#≈# #≈#≈#≈#
≈#≈#≈#≈# #≈#≈#≈#
..≈#≈≈≈# #≈≈≈#.≈
#K###†## ##≈###≈
#K# #≈# #.# #.
#@###≈# #≈###≈
#.≈≈≈.# #≈≈.≈.
##≈≈≈## ##≈≈≈#
#...# #≈≈≈# #.≈≈#
#.≈.# #.≈.##
##.≈.# #.≈..##
##≈≈≈.#
#.≈≈≈≈#####≈.≈≈.#
##..≈..≈≈≈≈.≈..##


You could see a kobold brigand and a kobold.

Vanquished Creatures
  An adder (D:2)
  2 worms
  A dart slug (D:3)
  4 bats
  10 endoplasms
  3 giant cockroaches
  12 goblins
  A hobgoblin (D:1)
  3 jackals (D:2)
  6 kobolds
  9 ball pythons
  6 frilled lizards
  4 rats
62 creatures vanquished.

Vanquished Creatures (others)
  2 plants (D:2)
2 creatures vanquished.

Grand Total: 64 creatures vanquished

Notes
Turn   | Place    | Note
-------+----------+-------------------------------------------
     0 | D:1      | pkoi the Demigod Air Elementalist began the quest for the
                  | Orb.
     0 | D:1      | Reached XP level 1. HP: 14/14 MP: 5/5
   408 | D:1      | Reached skill level 3 in Air Magic
   825 | D:1      | Reached XP level 2. HP: 20/20 MP: 2/7
  1868 | D:2      | Reached XP level 3. HP: 26/26 MP: 5/8
  2062 | D:2      | Reached skill level 4 in Air Magic
  2517 | D:2      | Learned a level 2 spell: Static Discharge
  2885 | D:2      | Reached skill level 1 in Conjurations
  3599 | D:3      | You fall into a shaft and drop 1 floor!
  3599 | D:4      | Found a glowing drain.
  3610 | Sewer    | Entered a sewer
  3787 | Sewer    | Reached XP level 4. HP: 33/33 MP: 5/9
  3841 | Sewer    | Noticed a kobold brigand
  3855 | Sewer    | HP: 1/33 [kobold brigand/+0 dagger (7)]
  3856 | Sewer    | Mangled by a kobold brigand

Illustrated notes

Levels and vault maps discovered:
D:1:      dpeg_arrival_three_same_balls, layout_basic
D:2:      layout_basic, shapermc_ecumenical_altar_hornbeckon
D:3:      layout_loops_ring, nemelex_diamond_rough_becter
D:4:      layout_basic, mainiacjoe_overflow_paths, led_sif_book,
          portal_sewer_entry_a
Sewer:    sewer_co_tree

Skill      XL: |  1  2  3 |
---------------+----------+-----
Air Magic      | 3 4 |  4.4
Conjurations   | 1 |  1.4
Dodging        | |  1.7
Stealth        | |  1.7
Spellcasting   | |  1.7

Action                   |  1- 3 |  4- 6 || total
-------------------------+-------+-------++-------
Melee: Dagger            |     9 |     5 ||    14
       Punch             |     1 |       ||     1
 Cast: Shock             |   122 |    11 ||   133
  Use: Scroll            |     4 |       ||     4
Armor: Robe              |     3 |     2 ||     5
Dodge: Dodged            |     9 |     4 ||    13
